 Dungeon Crawl Stone Soup version 0.30-a0-469-g84de5afbc5 (webtiles) character file.

Game seed: 5191783582631605346

81317 zishaf the Slayer (level 15, -1/243 HPs)
             Began as a Minotaur Berserker on Dec 16, 2022.
             Was a High Priest of Trog.
             Killed from afar by Azrael (26 damage)
             ... with damnation
             ... on level 13 of the Dungeon on Dec 19, 2022.
             The game lasted 00:27:22 (17435 turns).

zishaf the Slayer (Minotaur Berserker)             Turns: 17435, Time: 00:27:22

Health: -1/243     AC: 26    Str: 34    XL:     15   Next: 26%
Magic:  4/4        EV: 10    Int:  4    God:    Trog [*****.]
Gold:   1749       SH:  0    Dex:  5    Spells: 14/14 levels left

rFire   + . .      SeeInvis .    a - +3 executioner's axe (antimagic)
rCold   + + .      Faith    .    (shield currently unavailable)
rNeg    + . .      Spirit   .    K - +10 plate armour of Qokicod {Str+5}
rPois   +          Reflect  .    (helmet restricted)
rElec   +          Harm     .    (no cloak)
rCorr   .          Rampage  .    I - +1 pair of gloves of Grim Freedom {Drain rPois rC+++ Str-4}
Will    +++..      Clarity  +    E - +0 pair of boots
Stlth   ..........               w - amulet of regeneration
HPRegen 2.40/turn                c - ring of Gami Kel {rElec rPois rN+ Str+4 Dex-5}
MPRegen 0.09/turn                j - ring of fire

@: berserking, strong-willed, regenerating, very quick
A: horns 2, retaliatory headbutt, iridescent scales 1, clarity
a: Renounce Religion, Berserk, Trog's Hand, Brothers in Arms


You were on level 13 of the Dungeon.
You worshipped Trog.
Trog was extremely pleased with you.
You visited 2 branches of the dungeon, and saw 18 of its levels.
You also visited: Sewer, Bailey, Ice Cave and Volcano.

You collected 1947 gold pieces.
You spent 198 gold pieces at shops.

Inventory:

Hand Weapons
 a - a +3 antimagic executioner's axe (weapon)
 b - a +6 battleaxe of flaming
 G - the +5 halberd of the Vestibule of Hell {antimagic, Str+8 Dex+2}
   (You found it on level 5 of the Lair of Beasts)

   It reduces the magical energy of the wielder, and disrupts the spells and
   magical abilities of those it strikes.
   Natural abilities and divine invocations are not affected.
   Str:       It affects your strength (+8).
   Dex:       It affects your dexterity (+2).
 J - a +2 antimagic battleaxe
Armour
 B - the +0 chain mail of the Old and Reckless {rC+ MP+9 SInv}
   (You found it on level 7 of the Dungeon)

   rC:        It protects you from cold.
   MP:        It affects your magic capacity (+9).
   SInv:      It lets you see invisible.
 E - a +0 pair of boots (worn)
 F - a +2 chain mail of fire resistance
 I - the +1 pair of gloves of Grim Freedom (worn) {Drain rPois rC+++ Str-4}
   (You acquired it in a bailey)

   Str:       It affects your strength (-4).
   rC:        It renders you almost immune to cold.
   rPois:     It protects you from poison.
   Drain:     It drains your maximum health when unequipped.
 K - the +10 plate armour of Qokicod (worn) {Str+5}
   (You found it in a bailey)

   Str:       It affects your strength (+5).
Jewellery
 c - the ring of Gami Kel (left hand) {rElec rPois rN+ Str+4 Dex-5}
   (You acquired it on level 4 of the Dungeon)

   [ring of poison resistance]

   Str:       It affects your strength (+4).
   Dex:       It affects your dexterity (-5).
   rElec:     It insulates you from electricity.
   rPois:     It protects you from poison.
   rN:        It protects you from negative energy.
 j - a ring of fire (right hand)
 m - a +6 ring of dexterity
 w - an amulet of regeneration (around neck)
 y - a ring of protection from cold
 D - an amulet of guardian spirit
 O - an amulet of reflection
Wands
 l - a wand of flame (12)
 p - a wand of paralysis (13)
 x - a wand of polymorph (19)
 Q - a wand of light (1)
 R - a wand of digging (5)
Scrolls
 q - 2 scrolls of butterflies
 t - 12 scrolls of teleportation
 u - a scroll of torment
 z - 7 scrolls of fog
 A - 7 scrolls of fear
 H - 4 scrolls of poison
 N - 5 scrolls of identify
 S - 5 scrolls of blinking
 U - a scroll of enchant armour
Potions
 d - 8 potions of heal wounds
 e - 4 potions of mutation
 f - 16 potions of curing
 g - 5 potions of cancellation
 h - 8 potions of haste
 i - 3 potions of resistance
 k - 2 potions of ambrosia
 n - 10 potions of might
 o - a potion of degeneration
 s - a potion of berserk rage
 v - 5 potions of lignification
 C - a potion of flight
 L - 3 potions of invisibility
 M - 3 potions of magic
Miscellaneous
 r - a box of beasts
 P - a lightning rod (4/4)
 T - a phial of floods


   Skills:
 * Level 22.5 Fighting
 + Level 19.6 Axes
 - Level 2.4 Armour
 - Level 14.0 Dodging
 + Level 4.1 Evocations


You had 14 spell levels left.
You didn't know any spells.
Your spell library was empty.

Dungeon Overview and Level Annotations

Branches:
Dungeon (13/15)            Temple (0/1) D:6            Lair (5/5) D:10
 Shoals (0/4) Lair:3        Snake (0/4) Lair:3        Slime (0/5) Lair:5
    Orc (0/2) D:9           Sewer (visited)          Bailey (visited)
  IceCv (visited)         Volcano (visited)
 Vaults: D:13-14

Altars:
Fedhas
Gozag
Qazlal
Ru
Sif Muna
Uskayaw
Wu Jian
Xom
Yredelemnul
Zin
The Shining One
Jiyva
Lugonu

Shops:
D:9 *   D:10 **

Portals:
Abyss: D:5 Lair:5

Annotations:
D:5 2 transporters, freelancePsychic's ghost, novice TrAr
D:13 Azrael
Lair:5 1 runed translucent door


Innate Abilities, Weirdness & Mutations

You have a pair of horns on your head.
You reflexively headbutt those who attack you in melee.
You are partially covered in iridescent scales. (AC +2)
You possess an exceptional clarity of mind.


Message History

The hell hound is severely wounded.
The hell hound closely misses you.
You closely miss the hell hound.
The hell hound is severely wounded.
The hell hound closely misses you.
The hell hound bites you but does no damage.
You cut the hell hound into ribbons!!!
You kill the hell hound!
Trog accepts your kill. Azrael gestures at you.
The sphere of damnation explodes!
The damnation engulfs you!! Azrael gestures at you. The bolt of fire hits you!
You resist. Azrael gestures at you.
The sphere of damnation explodes!
The damnation engulfs you!!
The damnation engulfs Azrael.
Azrael completely resists.
You are too injured to fight recklessly!
You are too injured to fight recklessly!
You barely miss Azrael. Azrael gestures at you.
The sphere of damnation explodes!
The damnation engulfs you!!!
* * * LOW HITPOINT WARNING * * *
The damnation engulfs Azrael.
Azrael completely resists.
Your skin crawls.
You feel strong-willed.
Azrael hits you with a +0 scimitar of flaming!
* * * LOW HITPOINT WARNING * * *
Azrael burns you.
* * * LOW HITPOINT WARNING * * *
A red film seems to cover your vision as you go berserk!
You feel yourself moving faster!
You feel mighty!
Azrael hits you with a +0 scimitar of flaming!
* * * LOW HITPOINT WARNING * * *
Azrael burns you.
* * * LOW HITPOINT WARNING * * *
You hit Azrael but do no damage. You barely miss Azrael.
Azrael gestures at you.
The sphere of damnation explodes!
The damnation engulfs you!!
You die...

# # .# #.
####.###
###.##......
#.....R.#.#
#...@...#
####..###
#....# # #.##!#
#.##.##.#
#.......#
####.#####
#......# .
#....#.########
.


You could see Azrael.

Vanquished Creatures
  Snorg (Lair:5)
  3 entropy weavers (Lair:3)
  Josephine (D:11)
  A fire dragon (Volcano)
  2 ghost crabs (Lair:3)
  A catoblepas (Lair:3)
  4 hydras
  A boulder beetle (D:12)
  A centaur warrior (D:13)
  2 ironbound frosthearts (IceCv)
  13 death yaks
  A two-headed ogre (D:12)
  3 thrashing horrors (Lair:5)
  4 sun demons (Volcano)
  6 fire crabs (Lair:3)
  Lodul (D:10)
  An orange crystal statue (D:10)
  An orc knight (Bailey)
  A wizard (D:12)
  An orc sorcerer (Bailey)
  2 ugly things (Lair:5)
  A deep elf pyromancer (D:13)
  A cyclops (D:12)
  A manticore (D:12)
  An apocalypse crab (Lair:3)
  4 black mambas
  3 smoke demons
  An ice statue (IceCv)
  8 cane toads
  A torpor snail (Lair:5)
  A gargoyle (D:13)
  9 komodo dragons
  A yaktaur (shapeshifter) (Lair:5)
  A kobold demonologist (Bailey)
  4 rime drakes
  3 ancient zymes (Lair:5)
  4 trolls
  A hornet (D:7)
  6 large abominations
  A polar bear (shapeshifter) (D:13)
  9 polar bears (IceCv)
  16 slime creatures (D:12)
  12 dream sheep
  9 blink frogs
  2 vampires (D:12)
  A shadow (D:13)
  A spriggan (Lair:5)
  2 wyverns
  5 basilisks (Lair:5)
  58 yaks
  4 wraiths (D:11)
  6 humans (D:9)
  2 ynoxinuls (Lair:5)
  2 chaos spawn (Lair:5)
  3 fire elementals (D:13)
  2 vampire mosquitoes (D:12)
  3 steam dragons (Volcano)
  2 nagas (Lair:3)
  2 acid dragons
  7 hell hounds
  12 water moccasins
  14 orc warriors
  Duvessa (D:4)
  4 black bears
  8 ogres (D:10)
  23 wolves
  10 centaurs
  3 phantoms
  16 small abominations
  10 bullfrogs
  5 kobold brigands
  A scorpion (D:6)
  A gnoll sergeant (D:11)
  2 necrophages (D:7)
  3 wights (D:9)
  Dowan (D:4)
  4 killer bees (D:10)
  4 electric eels
  6 howler monkeys
  3 lava snakes (D:10)
  4 hounds
  A jelly (D:7)
  7 orc priests
  A gnoll bouda (D:5)
  2 iguanas (D:4)
  2 orc wizards (D:10)
  13 gnolls
  12 adders
  2 river rats
  A shadow imp (D:8)
  3 worms (Sewer)
  4 dart slugs
  31 orcs
  7 endoplasms
  6 giant cockroaches
  18 goblins
  12 hobgoblins
  4 jackals (D:1)
  21 kobolds
  4 quokkas
  9 ball pythons
  5 bats
  4 frilled lizards
  14 rats
569 creatures vanquished.

Vanquished Creatures (collateral kills)
  An entropy weaver (Lair:3)
  A catoblepas (Lair:1)
  A boulder beetle (Lair:1)
  A black mamba (Lair:1)
  A cane toad (Lair:1)
  A troll (D:10)
  A wraith (D:10)
  3 yaks (D:10)
  2 water moccasins
  2 black bears (D:10)
  2 wolves (Lair:1)
  5 bullfrogs
  2 killer bees (D:10)
  A howler monkey (D:10)
  2 orc priests (D:9)
  7 hell rats (Lair:1)
  An orc wizard (D:10)
  3 orcs
37 creatures vanquished.

Vanquished Creatures (others)
  46 fungi
  37 plants
83 creatures vanquished.

Grand Total: 689 creatures vanquished

Notes
Turn   | Place    | Note
-------+----------+-------------------------------------------
     0 | D:1      | zishaf the Minotaur Berserker began the quest for the Orb.
     0 | D:1      | Reached XP level 1. HP: 19/19 MP: 0/0
   173 | D:1      | Reached skill level 4 in Fighting
   173 | D:1      | Reached XP level 2. HP: 27/27 MP: 1/1
   429 | D:1      | Reached ** piety under Trog
   548 | D:1      | Reached XP level 3. HP: 33/34 MP: 2/2
   759 | D:2      | Found a basalt altar of Yredelemnul.
  1314 | D:2      | Found a faded altar of an unknown god.
  1350 | D:3      | Gained mutation: You are partially covered in iridescent
                  | scales. (AC +2) [potion of mutation]
  1350 | D:3      | Gained mutation: You possess an exceptional clarity of
                  | mind. [potion of mutation]
  1398 | D:3      | Reached XP level 4. HP: 41/41 MP: 3/3
  1468 | D:3      | Reached skill level 5 in Axes
  1808 | D:3      | Found a glowing golden altar of the Shining One.
  1995 | D:3      | Reached skill level 5 in Fighting
  2369 | D:4      | Identified a scroll of acquirement
  2369 | D:4      | Acquired the ring of Gami Kel {rElec rPois rN+ Str+4 Dex-5}
  2381 | D:4      | Noticed Duvessa
  2381 | D:4      | Noticed Dowan
  2387 | D:4      | Killed Duvessa
  2388 | D:4      | Reached XP level 5. HP: 14/50 MP: 4/4
  2388 | D:4      | Killed Dowan
  2389 | D:4      | Reached skill level 6 in Fighting
  2557 | D:4      | Found an opulent altar of Gozag.
  2557 | D:4      | Noticed a phantom
  2576 | D:4      | Killed a phantom
  2577 | D:4      | Reached XP level 6. HP: 40/58 MP: 5/5
  2890 | D:4      | Reached skill level 7 in Fighting
  3117 | D:4      | Reached XP level 7. HP: 62/66 MP: 6/6
  3214 | D:4      | Reached *** piety under Trog
  3599 | D:4      | Identified the +2 dagger of Gozag's Pride {distort, rC- rN+
                  | MP+9}
  3746 | D:5      | Entered Level 5 of the Dungeon
  3749 | D:5      | Found a transporter.
  3763 | D:5      | Found a blossoming altar of Fedhas.
  3851 | D:5      | Reached skill level 8 in Fighting
  4009 | D:5      | Found a glowing drain.
  4018 | Sewer    | Entered a sewer
  4248 | Sewer    | Reached XP level 8. HP: 64/75 MP: 7/7
  4326 | Sewer    | Reached **** piety under Trog
  4332 | Sewer    | Reached skill level 9 in Fighting
  4726 | D:5      | Found a one-way gate to the infinite horrors of the Abyss.
  4745 | D:5      | Found a transporter.
  4855 | D:5      | Noticed freelancePsychic's ghost (novice TrAr)
  5077 | D:6      | Found a staircase to the Ecumenical Temple.
  5165 | D:6      | Reached skill level 10 in Fighting
  5165 | D:6      | Reached skill level 10 in Axes
  5817 | D:7      | Reached XP level 9. HP: 84/86 MP: 8/8
  6006 | D:7      | Noticed a troll
  6016 | D:7      | Killed a troll
  6017 | D:7      | Reached skill level 11 in Fighting
  6191 | D:7      | Found a shimmering altar of Xom.
  6191 | D:7      | Found a faded altar of an unknown god.
  6200 | D:7      | Found a sacrificial altar of Ru.
  6202 | D:7      | Found a hide-covered altar of Uskayaw.
  6204 | D:7      | Found a faded altar of an unknown god.
  6353 | D:7      | Found a shimmering blue altar of Sif Muna.
  6370 | D:7      | Found a glowing silver altar of Zin.
  6411 | D:7      | Identified the +0 chain mail of the Old and Reckless {rC+
                  | MP+9 SInv}
  7413 | D:9      | Reached skill level 12 in Fighting
  7480 | D:9      | Reached XP level 10. HP: 66/100 MP: 9/9
  7787 | D:9      | Reached skill level 13 in Fighting
  7790 | D:9      | Found a staircase to the Orcish Mines.
  7842 | D:9      | Found Dacuqamu's Assorted Antiques.
  7867 | D:9      | Bought a glowing hand axe for 198 gold pieces
  7899 | D:9      | Reached ***** piety under Trog
  8348 | D:10     | Entered Level 10 of the Dungeon
  8398 | D:10     | Reached skill level 14 in Fighting
  8430 | D:10     | Found a staircase to the Lair.
  8454 | D:10     | Reached XP level 11. HP: 111/111 MP: 10/10
  8472 | D:10     | Reached skill level 15 in Fighting
  8472 | D:10     | Reached skill level 15 in Axes
  8504 | D:10     | Found Iruff's Assorted Antiques.
  8517 | D:10     | Found a flagged portal.
  8529 | Bailey   | Entered a bailey
  8618 | Bailey   | Noticed an orc sorcerer
  8619 | Bailey   | Noticed an orc knight
  8626 | Bailey   | Killed an orc sorcerer
  8634 | Bailey   | Killed an orc knight
  8707 | Bailey   | Acquired the +1 pair of gloves of Grim Freedom {Drain rPois
                  | rC+++ Str-4}
  8726 | Bailey   | Received a gift from Trog
  8868 | Bailey   | Found an iron altar of Okawaru.
  8907 | Bailey   | Identified the +2 spear "Yvaennepi" {spect, Dex+3 SInv}
  8928 | Bailey   | Identified the +10 plate armour of Qokicod {Str+5}
  8957 | Bailey   | Acquired a manual of Dodging
  9266 | D:10     | Noticed Lodul
  9277 | D:10     | Killed Lodul
  9368 | D:10     | Found Zojat's Assorted Antiques.
  9644 | D:10     | Noticed an orange crystal statue
  9835 | D:10     | Reached skill level 16 in Fighting
  9847 | D:10     | Killed an orange crystal statue
  9848 | D:10     | Reached skill level 5 in Dodging
  9884 | D:11     | Found a stormy altar of Qazlal.
  9884 | D:11     | Noticed Josephine
  9890 | D:11     | Killed Josephine
  9963 | D:11     | Reached XP level 12. HP: 115/124 MP: 3/11
 10534 | Lair:1   | Entered Level 1 of the Lair of Beasts
 10573 | Lair:1   | Noticed a boulder beetle
 10575 | Lair:1   | Noticed a catoblepas
 10579 | Lair:1   | Killed a boulder beetle
 10584 | Lair:1   | Killed a catoblepas
 10717 | Lair:1   | You fall into a shaft and drop 1 floor!
 10724 | Lair:2   | Reached skill level 17 in Fighting
 10746 | Lair:2   | Reached skill level 10 in Dodging
 10762 | Lair:2   | Found a frozen archway.
 10775 | IceCv    | Entered an ice cave
 10868 | IceCv    | Identified the +0 ring mail "Kedur" {Drain rC+ rN++ SInv}
 11059 | IceCv    | Noticed a death yak
 11075 | IceCv    | Killed a death yak
 11075 | IceCv    | Received a gift from Trog
 11076 | IceCv    | Reached skill level 18 in Fighting
 11076 | IceCv    | Reached XP level 13. HP: 116/134 MP: 4/12
 11828 | Lair:1   | Found a hide-covered altar of Uskayaw.
 11828 | Lair:1   | Found an ornate altar of the Wu Jian Council.
 12899 | Lair:3   | Found a staircase to the Shoals.
 13194 | Lair:3   | Reached skill level 19 in Fighting
 13266 | Lair:3   | Found a runed translucent door.
 13642 | Lair:3   | Identified the ring of Reegrosm {Ice rElec Str-4 Dex+2}
 13746 | Lair:3   | Reached XP level 14. HP: 135/147 MP: 13/13
 13748 | Lair:3   | Reached skill level 20 in Fighting
 13937 | Lair:3   | Found a staircase to the Snake Pit.
 14107 | Lair:4   | Upgraded the game from 0.30-a0-462-gd5975efbca to
                  | 0.30-a0-469-g84de5afbc5
 14232 | Lair:4   | Found a dark tunnel.
 14241 | Volcano  | Entered a volcano
 14880 | Lair:5   | Entered Level 5 of the Lair of Beasts
 14952 | Lair:5   | Noticed Snorg
 14953 | Lair:5   | Reached skill level 21 in Fighting
 14964 | Lair:5   | Killed Snorg
 15101 | Lair:5   | Found a runed translucent door.
 15102 | Lair:5   | Found a viscous altar of Jiyva.
 15419 | Lair:5   | Found a staircase to the Slime Pits.
 15590 | Lair:5   | Reached skill level 1 in Evocations
 15809 | Lair:5   | Received a gift from Trog
 16227 | Lair:5   | Reached skill level 22 in Fighting
 16238 | Lair:5   | Found a corrupted altar of Lugonu.
 16252 | Lair:5   | Identified the +5 halberd of the Vestibule of Hell
                  | {antimagic, Str+8 Dex+2}
 16529 | D:12     | Reached XP level 15. HP: 141/160 MP: 4/14
 16913 | D:12     | Identified the +11 glaive of the Sun {holy, rC- Dex+6}
 17376 | D:13     | Received a gift from Trog
 17414 | D:13     | Noticed Azrael
 17417 | D:13     | Reached ****** piety under Trog
 17435 | D:13     | Killed from afar by Azrael

Illustrated notes

Levels and vault maps discovered:
D:1:      grunt_arrival_crossed_arrows, layout_loops_cross,
          minmay_split_cup_small
D:2:      layout_loops_ring, basic_altar, shapermc_ecumenical_altar_rom_forum
D:3:      minmay_door_path, layout_basic, lemuel_crystal_altar
D:4:      layout_basic, nicolae_gozag_seed_capital, uniq_duvessa
D:5:      layout_basic, fedhas_altar_1, gammafunk_ghost_abyssal_escape,
          portal_sewer_entry_e
D:6:      layout_basic, minmay_temple_entry_offerings
D:7:      layout_basic, chequers_temple_overflow_minitemple,
          jmf_multi_god_temple
D:8:      layout_loops_ring
D:9:      layout_irregular_city, david_orc_3, serial_shops,
          nicolae_shop_overgrown_old_shop, chequers_serial_rivers_marsh,
          minmay_ruffians
D:10:     layout_basic, due_lair_maze_entry_diamond, enter_bailey_5,
          serial_shops, shop_fountains, nicolae_lakefront_shop, disabler_island,
          uniq_lodul
D:11:     layout_roguey, nicolae_qazlal_style_of_elements, uniq_josephine
D:12:     layout_basic, drop_trap, laboratory
D:13:     layout_loops_cross, uniq_azrael
Lair:1:   layout_big_grid, chequers_serial_rivers_large_a,
          nzn_masters_of_martial_movement, grunt_megastairs_3
Lair:2:   layout_regular_city, portal_ice_cave_rime, serial_bayou_shore_a,
          grunt_megastairs_4
Lair:3:   gammafunk_mikee_crab_dinner, layout_regular_city, shoals_dummy_entry,
          minmay_snake_entry_guardpost_large
Lair:4:   layout_long_grid, gauntlet_entry_generic, enter_volcano_1, uniq_rupert
Lair:5:   hellmonk_lair_end_abyssal_woods, layout_regular_city, slime_entry_2,
          serial_bayou_lagoon_b, uniq_snorg

Skill      XL: |  1  2  3  4  5  6  7  8  9 10 11 12 13 14 15 |
---------------+----------------------------------------------+-----
Fighting       | 4 5 6 7 8 10 12 14 16 18 19 22 | 22.5
Axes           | 4 5 6 7 8 10 12 14 16 17 18 19 | 19.6
Dodging        | 6 12 14 | 14.0
Evocations     | 3 4 |  4.1
Armour         | |  2.4

Action                   |  1- 3 |  4- 6 |  7- 9 | 10-12 | 13-15 || total
-------------------------+-------+-------+-------+-------+-------++-------
Melee: Hand axe          |    75 |   101 |   348 |   183 |       ||   707
       Headbutt          |     9 |    15 |    62 |    80 |   102 ||   268
       Punch             |     1 |     1 |     6 |       |       ||     8
       War axe           |       |       |       |    10 |       ||    10
       Battleaxe         |       |       |       |   244 |   366 ||   610
       Executioner's axe |       |       |       |       |   150 ||   150
Invok: Berserk           |       |     1 |     4 |     3 |     3 ||    11
       Brothers in Arms  |       |       |       |     6 |     1 ||     7
       Trog's Hand       |       |       |       |     1 |     1 ||     2
Evoke: Wand              |       |       |       |       |     2 ||     2
  Use: Scroll            |     3 |     7 |    15 |     7 |     2 ||    34
       Potion            |     1 |       |       |       |     1 ||     2
 Stab: Distracted        |       |       |       |     1 |       ||     1
Armor: Animal skin       |    15 |     3 |       |       |       ||    18
       Plate armour      |       |    47 |   202 |   208 |   384 ||   841
       Chain mail        |       |       |       |    73 |       ||    73
Dodge: Dodged            |    52 |    33 |   119 |   205 |   229 ||   638

Table legend: (Time is in decaauts)
 A = Elapsed time spent in this place.
 B = Non-inter-level travel time spent in this place.
 C = Inter-level travel time spent in this place.
 D = Time resting spent in this place.
 E = Time spent auto-exploring this place.
 F = Levels seen in this place.
 G = Mean time per level.
                   A        B        C        D        E       F      G
               +--------+--------+--------+--------+--------+-----+--------+
         Total |  17434 |  16547 |    887 |    626 |  12380 |  22 |  792.5 |
       Dungeon |  10483 |   9873 |    610 |     99 |   8020 |  13 |  806.4 |
          Lair |   4820 |   4543 |    277 |    445 |   3130 |   5 |  964.0 |
         Sewer |    434 |    434 |      0 |      0 |    254 |   1 |  434.0 |
        Bailey |    630 |    630 |      0 |     42 |    382 |   1 |  630.0 |
      Ice Cave |    874 |    874 |      0 |     39 |    593 |   1 |  874.0 |
       Volcano |    191 |    191 |      0 |      0 |      0 |   1 |  191.0 |
               +--------+--------+--------+--------+--------+-----+--------+

Top non-repeatable levels by time:
  Lair:5: 1486 daAuts
     D:4: 1382 daAuts
  Lair:3: 1183 daAuts
    D:10: 1081 daAuts
     D:3: 1019 daAuts
     D:7: 979 daAuts
   IceCv: 874 daAuts
     D:9: 841 daAuts
  Lair:2: 807 daAuts
     D:6: 801 daAuts
     D:5: 788 daAuts
     D:8: 774 daAuts
  Lair:1: 716 daAuts
     D:2: 702 daAuts
    D:12: 688 daAuts
